 Dungeon Crawl Stone Soup version 0.29-a0-837-g174bc33265 (webtiles) character file.

Game seed: 3079159519706402554

7 PentaManta the Ducker (level 1, 0/11 HPs)
             Began as a Spriggan Berserker on July 13, 2022.
             Was a Follower of Trog.
             Slain by a quokka (4 damage)
             ... on level 1 of the Dungeon.
             The game lasted 00:01:10 (259 turns).

PentaManta the Ducker (Spriggan Berserker)           Turns: 259, Time: 00:01:11

Health: 0/11       AC:  2    Str: 13    XL:     1   Next: 83%
Magic:  2/2        EV: 18    Int:  8    God:    Trog [*.....]
Gold:   30         SH:  0    Dex: 14    Spells: 0/0 levels left

rFire   . . .      SeeInvis +   a - +0 falchion
rCold   . . .      Faith    .   (no shield)
rNeg    . . .      Spirit   .   b - +0 animal skin
rPois   .          Reflect  .   (helmet restricted)
rElec   .          Harm     .   (no cloak)
rCorr   .          Rampage  .   (gloves unavailable)
Will    .....                   (boots unavailable)
Stlth   +.........              (no amulet)
HPRegen 0.03/turn               (no ring)
MPRegen 0.08/turn               (no ring)

@: very quick
A: very small, no large weapons, unfitting armour, see invisible, speed 3
a: Renounce Religion, Berserk


You were on level 1 of the Dungeon.
You worshipped Trog.
Trog was aware of your devotion.
You visited 1 branch of the dungeon, and saw 1 of its levels.

You collected 30 gold pieces.

Inventory:

Hand Weapons
 a - a +0 falchion (weapon)
 f - a +0 short sword
Armour
 b - a +0 animal skin (worn)
Potions
 c - a potion of flight {unknown}
 d - a potion of attraction {unknown}
 e - 2 potions of berserk rage {unknown}
 g - a potion of haste {unknown}
 h - a potion of brilliance {unknown}
 i - a potion of heal wounds {unknown}


   Skills:
 - Level 2.4 Fighting
 - Level 2.4 Long Blades
 + Level 4.7 Dodging


You couldn't memorise any spells.
You didn't know any spells.
Your spell library was empty.

Dungeon Overview and Level Annotations

Branches:
Dungeon (1/15)

Altars:

Shops:
D:1 (


Innate Abilities, Weirdness & Mutations

You are very small and have problems with some larger weapons.
You are too small for most types of armour.
You have supernaturally acute eyesight. (SInv)
You cover ground extremely quickly. (Speed+++)


Message History

There is an entrance to Tias's Antique Weapon Emporium here.
You can access your shopping list by pressing '$'.
You now have 15 gold pieces (gained 4).
Found 6 stones.
You now have 21 gold pieces (gained 6).
e - 2 fizzy yellow potions (gained 1)
You now have 30 gold pieces (gained 9).
A quokka comes into view.
A quokka is nearby!
A bat comes into view.
You miss the quokka. The quokka misses you. x2
You closely miss the quokka. The quokka barely misses you.
You hit the quokka.
The quokka is severely wounded.
The bat completely misses you. The quokka completely misses you.
You hit the quokka but do no damage.
The quokka is severely wounded.
The bat barely misses you. The quokka misses you.
You barely miss the quokka.
The quokka is severely wounded.
The quokka misses you. The bat misses you.
You barely miss the quokka.
The quokka is heavily wounded.
The bat closely misses you. The quokka bites you. x2
You are too injured to fight recklessly!
You are too injured to fight recklessly!
You are too injured to fight recklessly!
You closely miss the bat. The bat completely misses you.
a - a +0 falchion (weapon)
You barely miss the bat. Your punch misses the bat. The bat misses you.
You hit the bat.
You kill the bat!
Trog accepts your kill.
You hit the quokka but do no damage.
The quokka is heavily wounded.
The quokka closely misses you. The quokka completely misses you.
You hit the quokka but do no damage.
The quokka is heavily wounded.
The quokka bites you.
You die...

..........#.........####
..........#.........#
..........#.........#
......... #.........#
........# ##.########
#.####.# #...##.#
#r####.# #@# #.#
#.####.# #......#
########


You could see a quokka.

Vanquished Creatures
  2 ball pythons (D:1)
  A giant cockroach (D:1)
  A kobold (D:1)
  A bat (D:1)
  A frilled lizard (D:1)
  A rat (D:1)
7 creatures vanquished.

Notes
Turn   | Place    | Note
-------+----------+-------------------------------------------
     0 | D:1      | PentaManta the Spriggan Berserker began the quest for the
                  | Orb.
     0 | D:1      | Reached XP level 1. HP: 11/11 MP: 2/2
   119 | D:1      | Found Tias's Antique Weapon Emporium.
   259 | D:1      | Slain by a quokka

Illustrated notes

Levels and vault maps discovered:
D:1:      evilmike_arrival_crescent, layout_basic, serial_shops,
          nicolae_shop_overgrown_old_shop

Action                   || total
-------------------------++-------
Melee: Short sword       ||    11
       Falchion          ||     8
Dodge: Dodged            ||    16

Table legend: (Time is in decaauts)
 A = Elapsed time spent in this place.
 B = Non-inter-level travel time spent in this place.
 C = Inter-level travel time spent in this place.
 D = Time resting spent in this place.
 E = Time spent auto-exploring this place.
 F = Levels seen in this place.
 G = Mean time per level.
                   A        B        C        D        E       F      G
               +--------+--------+--------+--------+--------+-----+--------+
         Total |    189 |    189 |      0 |      0 |    141 |   1 |  189.0 |
       Dungeon |    189 |    189 |      0 |      0 |    141 |   1 |  189.0 |
               +--------+--------+--------+--------+--------+-----+--------+

Top non-repeatable levels by time:
     D:1: 189 daAuts
